[Event "ICC tourney 1955 (60 10)"]
[Site "Internet Chess Club"]
[Date "2020.08.08"]
[Round "6"]
[White "playerlucky"]
[Black "amp1997"]
[Result "1-0"]
[ICCResult "Black checkmated"]
[WhiteElo "1933"]
[BlackElo "2058"]
[Opening "Modern defense"]
[ECO "A40"]
[NIC "QO.17"]
[Time "18:37:32"]
[TimeControl "3600+10"]

1. d4 g6 2. Nf3 Bg7 3. c4 c5 4. Nc3 cxd4 5. Nxd4 d6 6. Bg5 Nc6 7. e3 Nf6 8.
Be2 O-O 9. O-O a6 10. Bf3 Bd7 11. a3 Qa5 12. Bh4 Qc5 13. Rc1 Ne5 14. b4 Qxc4
15. Ne4 Qd3 16. Nxf6+ exf6 17. Qxd3 Nxd3 18. Rc3 Ne5 19. Bxb7 Ra7 20. Bd5 g5
21. Bg3 f5 22. f4 Ng4 23. Rd1 Re8 24. Bf2 Ba4 25. Rd2 gxf4 26. exf4 Rae7 27.
Rc1 Bxd4 28. Rxd4 Re2 29. Bf3 Nxf2 30. Bxe2 Rxe2 31. Rxd6 Bb5 32. a4 Bxa4
33. Rxa6 Nd1 34. h3 Bc2 35. Ra2 Ne3 36. b5 Rxg2+ 37. Kh1 Re2 38. Kg1 Rg2+
39. Kh1 Be4 40. Rxg2+ Nxg2 41. Rg1 Kf8 42. Rxg2 Ke7 43. Kh2 Bxg2 44. Kxg2
Kd6 45. Kg3 Kc5 46. Kh4 f6 47. Kh5 Kxb5 48. Kh6 Kc5 49. Kxh7 Kd5 50. Kg6 Ke4
51. h4 Kxf4 52. h5 Kg4 53. h6 f4 54. h7 f3 55. h8=Q Kg3 56. Qh1 Kf2 57. Kf5
Ke2 58. Ke4 f2 59. Qf3+ Ke1 60. Qe3+ Kf1 61. Kf3 Kg1 62. Qxf2+ Kh1 63. Qg2#
{Black checkmated}
1-0

[Event "ICC tourney 1955 (60 10)"]
[Site "Internet Chess Club"]
[Date "2020.08.08"]
[Round "6"]
[White "clair"]
[Black "Heliosis"]
[Result "1-0"]
[ICCResult "Black resigns"]
[WhiteElo "1734"]
[BlackElo "1829"]
[Opening "Queen's pawn: London system"]
[ECO "A45"]
[NIC "QP.05"]
[Time "18:37:48"]
[TimeControl "3600+10"]

1. d4 Nf6 2. Bf4 e6 3. Nf3 c5 4. e3 Nc6 5. c3 d5 6. Nbd2 Bd6 7. Ne5 O-O 8.
Bd3 Qc7 9. Ndf3 Nd7 10. Ng5 g6 11. h4 Ndxe5 12. dxe5 Bxe5 13. g3 f6 14. Nf3
d4 15. cxd4 cxd4 16. O-O dxe3 17. Bxe3 Bd7 18. Rc1 Bd6 19. h5 f5 20. Kg2 f4
21. Bd2 Rf6 22. hxg6 hxg6 23. Rh1 fxg3 24. Bc3 e5 25. Bc4+ Be6 26. Bxe6+
Rxe6 27. Ng5 Qe7 28. Nxe6 Qxe6 29. fxg3 Rf8 30. Qd3 Nd4 31. Qe4 Nf5 32. Rce1
Nxg3 33. Kxg3 Rf4 34. Rh8+ Kf7 35. Qxb7+ Be7 36. Rh7+ Kg8 37. Rh8+ Kf7 38.
Kh2 Qg4 39. Qd5+ {Black resigns} 1-0

[Event "ICC tourney 1955 (60 10)"]
[Site "Internet Chess Club"]
[Date "2020.08.08"]
[Round "6"]
[White "bishoboo"]
[Black "Coolbull"]
[Result "1-0"]
[ICCResult "Black resigns"]
[WhiteElo "2013"]
[BlackElo "1822"]
[Opening "QGD: exchange, positional line"]
[ECO "D35"]
[NIC "QP.08"]
[Time "18:37:04"]
[TimeControl "3600+10"]

1. d4 d5 2. c4 e6 3. cxd5 exd5 4. Nc3 Nf6 5. Bg5 Be7 6. e3 O-O 7. Bd3 b6 8.
Nge2 Bb7 9. O-O c5 10. Bh4 Nc6 11. f3 Re8 12. Bf2 Bd6 13. Rc1 Rc8 14. h3 Bb8
15. f4 cxd4 16. exd4 Nh5 17. g3 Nf6 18. Bb1 Qd7 19. Kg2 Rcd8 20. a3 Bc8 21.
Rh1 Ne7 22. Bc2 a6 23. Qd3 Ng6 24. Qf3 Ne4 25. Nxe4 dxe4 26. Bxe4 Rxe4 27.
Rxc8 Rxc8 28. Qxe4 Re8 29. Qf3 Qb5 30. Nc3 Qxb2 31. Rb1 Qxa3 32. Rxb6 Ba7
33. Rb7 Bb8 34. Qc6 Rf8 35. Rb6 a5 36. d5 Ba7 37. Nb5 Qe7 38. d6 {Black
resigns} 1-0

[Event "ICC tourney 1955 (60 10)"]
[Site "Internet Chess Club"]
[Date "2020.08.08"]
[Round "6"]
[White "adorablehill"]
[Black "chessrex"]
[Result "1/2-1/2"]
[ICCResult "Game drawn by mutual agreement"]
[WhiteElo "1852"]
[BlackElo "1991"]
[Opening "Ruy Lopez: Brentano defense"]
[ECO "C60"]
[NIC "RL.01"]
[Time "18:37:33"]
[TimeControl "3600+10"]

1. e4 e5 2. Nf3 Nc6 3. Bb5 g5 4. d3 g4 5. Nfd2 Nf6 6. O-O Nd4 7. Ba4 Ne6 8.
c3 h5 9. f3 Bc5+ 10. Kh1 g3 11. h3 c6 12. b4 Bf2 13. Bb3 Nf4 14. Nc4 d6 15.
Bxf4 exf4 16. Qd2 b5 17. Nb2 Be3 18. Qe2 Rg8 19. Nd1 Bb6 20. e5 Qe7 21. Re1
dxe5 22. Qxe5 Qxe5 23. Rxe5+ Kf8 24. d4 a5 25. bxa5 Rxa5 26. Nd2 Bc7 27. Re1
Bf5 28. Ne4 Bxe4 29. fxe4 f3 30. gxf3 g2+ 31. Kg1 Rg3 32. e5 Nh7 33. Kf2 h4
34. Rg1 Ng5 35. Rxg2 Nxh3+ 36. Kf1 Rxf3+ 37. Ke2 Rf5 38. Rg4 Bd8
{Game drawn by mutual agreement}
1/2-1/2

[Event "ICC tourney 1955 (60 10)"]
[Site "Internet Chess Club"]
[Date "2020.08.08"]
[Round "6"]
[White "staxxknight"]
[Black "aquilesboy"]
[Result "0-1"]
[ICCResult "White resigns"]
[WhiteElo "1768"]
[BlackElo "1969"]
[Opening "Sicilian: Smith-Morra gambit"]
[ECO "B21"]
[NIC "SI.48"]
[Time "18:36:39"]
[TimeControl "3600+10"]

1. e4 c5 2. d4 cxd4 3. c3 dxc3 4. Nxc3 Nc6 5. Nf3 e6 6. Bc4 d6 7. O-O Be7 8.
Qe2 Nf6 9. Rd1 e5 10. a3 O-O 11. b4 Bg4 12. Be3 Rc8 13. Rac1 h6 14. Bd5 Nd4
15. Bxd4 exd4 16. Rxd4 Nxd5 17. Rxd5 Bf6 18. Qe3 Qb6 19. Qxb6 axb6 20. Nd4
Rc4 21. Ndb5 Bd7 22. Ne2 Rxe4 23. Ng3 Re5 24. Rcd1 Bxb5 25. Rxd6 Rfe8 26. h3
Bc6 27. Kf1 h5 28. f3 Bh4 29. Rxc6 bxc6 30. Ne4 f5 31. Nf2 Bxf2 32. Kxf2
Re2+ 33. Kg3 g5 34. Rd6 h4+ 35. Kh2 R8e6 {White resigns} 0-1

[Event "ICC tourney 1955 (60 10)"]
[Site "Internet Chess Club"]
[Date "2020.08.08"]
[Round "6"]
[White "goodcrowdchess"]
[Black "andrewf2009"]
[Result "1/2-1/2"]
[ICCResult "Game drawn by mutual agreement"]
[WhiteElo "1615"]
[BlackElo "1847"]
[Opening "Sicilian"]
[ECO "B56"]
[NIC "SI.25"]
[Time "18:36:44"]
[TimeControl "3600+10"]

1. e4 c5 2. Nf3 Nc6 3. d4 cxd4 4. Nxd4 Nf6 5. Nc3 d6 6. Be3 e5 7. Nde2 Be6
8. Qd2 Be7 9. f3 O-O 10. O-O-O a6 11. g4 b5 12. g5 Nd7 13. h4 Nb6 14. Ng3
Nc4 15. Bxc4 bxc4 16. h5 Rb8 17. Kb1 Qd7 18. g6 Qb7 19. b3 cxb3 20. cxb3
Bxb3 21. axb3 Qxb3+ 22. Ka1 Qa3+ 23. Na2 Nb4 24. Rb1 Nxa2 25. Qxa2 Qxe3 26.
Nf5 Qc3+ 27. Rb2 Bg5 28. h6 Bxh6 29. Nxh6+ gxh6 30. Rxh6 Rxb2 31. gxh7+ Kh8
32. Qxb2 Qa5+ 33. Qa2 Qe1+ 34. Qb1 Qe3 35. Rf6 Kxh7 36. f4 Qd4+ 37. Qb2
Qxb2+ 38. Kxb2 exf4 39. Rxd6 f5 40. exf5 Rxf5 41. Rxa6 f3 42. Ra1 Kg6 43.
Kc2 Kg5 44. Kd2 Kg4 45. Ke3 Kg3 46. Rg1+ Kh2 47. Kf2
{Game drawn by mutual agreement}
1/2-1/2

[Event "ICC tourney 1955 (60 10)"]
[Site "Internet Chess Club"]
[Date "2020.08.08"]
[Round "6"]
[White "geowhiz27"]
[Black "kapilank"]
[Result "1/2-1/2"]
[ICCResult "Game drawn by mutual agreement"]
[WhiteElo "1791"]
[BlackElo "1897"]
[Opening "Sicilian, Chekhover variation"]
[ECO "B53"]
[NIC "SI.02"]
[Time "18:37:15"]
[TimeControl "3600+10"]

1. e4 c5 2. Nf3 d6 3. d4 cxd4 4. Qxd4 Nc6 5. Bb5 Bd7 6. Bxc6 Bxc6 7. c4 Nf6
8. Nc3 g6 9. O-O Bg7 10. Qd3 O-O 11. Nd4 Nd7 12. b3 Nc5 13. Qe3 Rc8 14. Bb2
Qb6 15. Rfe1 Rfe8 16. Rad1 Qc7 17. Ba1 Qd7 18. b4 Ne6 19. b5 Bxe4 20. Nxe4
Rxc4 21. Nxe6 Qxe6 22. Bxg7 Kxg7 23. Qe2 Rec8 24. Qb2+ Qe5 25. Qxe5+ dxe5
26. Rd7 Rxe4 27. Kf1 Rxe1+ 28. Kxe1 Rc2 29. Rxb7 Rxa2 30. Rxe7 Kf6 31. Rc7
Ra5 32. Ke2 {Game drawn by mutual agreement} 1/2-1/2

[Event "ICC tourney 1955 (60 10)"]
[Site "Internet Chess Club"]
[Date "2020.08.08"]
[Round "6"]
[White "VishyNo1"]
[Black "dhruvpathak0613"]
[Result "1/2-1/2"]
[ICCResult "Game drawn by mutual agreement"]
[WhiteElo "2066"]
[BlackElo "1944"]
[Opening "Philidor: Hanham, Schlechter variation"]
[ECO "C41"]
[NIC "KP.08"]
[Time "18:37:52"]
[TimeControl "3600+10"]

1. e4 e5 2. Nf3 d6 3. d4 Nd7 4. Bc4 c6 5. Nc3 Be7 6. Be3 Ngf6 7. Bb3 O-O 8.
h3 b5 9. a3 Qc7 10. O-O a5 11. d5 Bb7 12. dxc6 Bxc6 13. Nd5 Bxd5 14. Bxd5
Nxd5 15. exd5 Rfc8 16. Qd3 Nf6 17. Nd2 Qb7 18. c4 bxc4 19. Nxc4 Qxd5 20.
Qxd5 Nxd5 21. Rac1 Nxe3 22. fxe3 Rc6 23. Rc3 a4 24. Rfc1 Rac8 25. Nb6 Rxc3
26. Rxc3 Rxc3 27. bxc3 d5 28. Nxa4 Bxa3 29. Kf2 Kf8 30. Nb6 Ke7 31. Nxd5+
Kd6 32. e4 Kc5 33. Ke2 Kc4 34. Kd2 Bc5 35. Nc7 g6 36. g4 Be7
{Game drawn by mutual agreement}
1/2-1/2

[Event "ICC tourney 1955 (60 10)"]
[Site "Internet Chess Club"]
[Date "2020.08.08"]
[Round "6"]
[White "ShadowApt"]
[Black "SuperPuzzler"]
[Result "1-0"]
[ICCResult "Black checkmated"]
[WhiteElo "2113"]
[BlackElo "1963"]
[Opening "Ruy Lopez: old Steinitz defense"]
[ECO "C62"]
[NIC "RL.02"]
[Time "18:37:02"]
[TimeControl "3600+10"]

1. e4 e5 2. Nf3 Nc6 3. Bb5 d6 4. c3 Nf6 5. Qe2 Be7 6. d4 Bd7 7. O-O O-O 8.
Rd1 Qc8 9. Bg5 Re8 10. Nbd2 exd4 11. cxd4 a6 12. Bc4 h6 13. Bh4 Nh7 14. Bxe7
Rxe7 15. d5 Ne5 16. Nxe5 Rxe5 17. f4 Re7 18. Qd3 b5 19. Bb3 Kh8 20. Bc2 Qg8
21. Re1 Rae8 22. Nf3 f6 23. Nh4 Nf8 24. f5 g5 25. fxg6 Nxg6 26. Nxg6+ Qxg6
27. Qc3 Qg5 28. Rf1 Rf8 29. Rf2 Qe5 30. Qxc7 Rc8 31. Qb6 Qxb2 32. Raf1 Qe5
33. Rxf6 Rxc2 34. Qe3 Rh7 35. Rf8+ Kg7 36. Qf3 Be8 37. Rg8+ Kxg8 38. Qf8#
{Black checkmated}
1-0

[Event "ICC tourney 1955 (60 10)"]
[Site "Internet Chess Club"]
[Date "2020.08.08"]
[Round "6"]
[White "gitb98"]
[Black "MrNormalName"]
[Result "0-1"]
[ICCResult "White resigns"]
[WhiteElo "1916"]
[BlackElo "2191"]
[Opening "Nimzo-Indian: Kmoch variation"]
[ECO "E20"]
[NIC "NI.30"]
[Time "18:37:32"]
[TimeControl "3600+10"]

1. d4 Nf6 2. c4 e6 3. Nc3 Bb4 4. f3 O-O 5. a3 Bxc3+ 6. bxc3 Ne8 7. e4 c5 8.
Bd3 Nc6 9. Ne2 b6 10. O-O Ba6 11. e5 Na5 12. d5 Bxc4 13. d6 f6 14. Be4 fxe5
15. Bxa8 Qxa8 16. Re1 Qd5 17. Bg5 Nc6 18. Qxd5 exd5 19. Rad1 Nxd6 20. Ng3 h6
21. Bc1 b5 22. Ne4 Nxe4 23. fxe4 d4 24. cxd4 exd4 25. a4 bxa4 26. Ba3 d6 27.
e5 Nxe5 28. Bxc5 dxc5 29. Rxe5 Bb3 30. Rd2 Rc8 31. Re7 a6 32. Ra7 c4 33. Re2
c3 34. Ree7 c2 35. Rxg7+ Kf8 {White resigns} 0-1

[Event "ICC tourney 1955 (60 10)"]
[Site "Internet Chess Club"]
[Date "2020.08.08"]
[Round "6"]
[White "LawrenceTu"]
[Black "Knightboy123"]
[Result "1/2-1/2"]
[ICCResult "Game drawn by mutual agreement"]
[WhiteElo "1886"]
[BlackElo "1650"]
[Opening "English: symmetrical variation"]
[ECO "A37"]
[NIC "EO.28"]
[Time "18:37:00"]
[TimeControl "3600+10"]

1. c4 c5 2. Nc3 Nc6 3. Nf3 g6 4. g3 Bg7 5. Bg2 e6 6. O-O Nge7 7. e3 O-O 8.
d4 cxd4 9. exd4 d5 10. cxd5 exd5 11. Re1 Bg4 12. Bg5 Re8 13. Qd2 Bxf3 14.
Bxf3 Nxd4 15. Bg2 Ne6 16. Nxd5 Kh8 17. Nxe7 Qxd2 18. Nxg6+ hxg6 19. Bxd2 Nc5
20. Bc3 Bxc3 21. bxc3 Rac8 22. c4 b6 23. Bd5 Kg7 24. Rad1 Na4 25. Rxe8 Rxe8
26. Bc6 Nc3 27. Rd7 Rc8 28. Bd5 Nxd5 29. cxd5 Rc5 30. Kg2 Ra5 31. d6 Rxa2
32. Rb7 Rd2 33. d7 Kf6 34. Rxa7 Ke6 35. Rb7 Rxd7 36. Rxb6+ Ke7 37. f4 Kf8
38. Kh3 Kg7 39. Kg4 Rd5 40. h4 Kh6 41. Rf6 Kg7 42. Rb6 Rd3 43. Rb7 Kg8 44.
h5 gxh5+ 45. Kh4 Rd5 46. Rb6 Kg7 47. Rb8 Rf5 48. Re8 Rd5 49. Re2 Ra5 50. Rb2
Rc5 51. Rb8 Rf5 52. Rb7 Ra5 53. Rb4 Rf5 54. Rb6 Rc5 55. Rd6 Ra5 56. Rd4 Rf5
57. Re4 Ra5 58. Rd4 Kg6 59. Rc4 Ra1 60. Kh3 Ra2 {Game drawn by mutual
agreement} 1/2-1/2

[Event "ICC tourney 1955 (60 10)"]
[Site "Internet Chess Club"]
[Date "2020.08.08"]
[Round "6"]
[White "DLWarrior"]
[Black "GutsyEdge"]
[Result "0-1"]
[ICCResult "White resigns"]
[WhiteElo "1860"]
[BlackElo "2072"]
[Opening "Queen's pawn, Mason variation"]
[ECO "D00"]
[NIC "QP.08"]
[Time "18:37:17"]
[TimeControl "3600+10"]

1. d4 d5 2. Bf4 Nf6 3. e3 e6 4. Nf3 Bd6 5. Nbd2 c5 6. c3 O-O 7. Bd3 cxd4 8.
cxd4 Bxf4 9. exf4 Nc6 10. O-O Qb6 11. Nb3 Ne4 12. Re1 f5 13. a4 a5 14. Bc2
Bd7 15. Ne5 Nxe5 16. fxe5 Qd8 17. Bxe4 fxe4 18. Nc5 Ra7 19. Re3 b6 20. Nb3
Qh4 21. Rg3 Be8 22. Nd2 Qf4 23. Qe2 Bh5 24. Qe3 Raf7 25. Rf1 Rc7 26. Qxf4
Rxf4 27. Rb3 Rc2 28. Nb1 Be2 29. Re1 Bc4 30. Rxb6 Rfxf2 31. Rb8+ Kf7 32.
Rb7+ Kg6 {White resigns} 0-1

[Event "ICC tourney 1955 (60 10)"]
[Site "Internet Chess Club"]
[Date "2020.08.08"]
[Round "6"]
[White "TeeKay2020"]
[Black "TDogg"]
[Result "0-1"]
[ICCResult "White checkmated"]
[WhiteElo "1768"]
[BlackElo "2028"]
[Opening "Sicilian: dragon, Yugoslav attack, Rauser variation"]
[ECO "B76"]
[NIC "SI.17"]
[Time "18:37:52"]
[TimeControl "3600+10"]

1. e4 c5 2. Nf3 d6 3. d4 cxd4 4. Nxd4 Nf6 5. Nc3 g6 6. Be3 Bg7 7. f3 O-O 8.
Qd2 Nc6 9. O-O-O d5 10. Qe1 e5 11. Nxc6 bxc6 12. exd5 cxd5 13. Bg5 Be6 14.
Bc4 Qc7 15. Bxd5 Nxd5 16. Nxd5 Bxd5 17. Rxd5 Rfc8 18. Qd2 Rab8 19. c3 Qc4
20. Ra5 e4 21. fxe4 Bxc3 22. bxc3 Qb4 23. Qd5 Qxc3+ 24. Kd1 Qc2+ 25. Ke1
Rb1+ 26. Bc1 Rxc1+ 27. Qd1 Rxd1# {White checkmated} 0-1

[Event "ICC tourney 1955 (60 10)"]
[Site "Internet Chess Club"]
[Date "2020.08.08"]
[Round "6"]
[White "nboad"]
[Black "JackFromLost"]
[Result "1-0"]
[ICCResult "Black checkmated"]
[WhiteElo "1804"]
[BlackElo "1916"]
[Opening "Caro-Kann: Tartakower (fantasy) variation"]
[ECO "B12"]
[NIC "CK.02"]
[Time "18:37:04"]
[TimeControl "3600+10"]

1. e4 c6 2. d4 d5 3. f3 dxe4 4. fxe4 e5 5. Nf3 exd4 6. Bc4 c5 7. O-O Nf6 8.
Ng5 Be6 9. Nxe6 fxe6 10. Bxe6 Bd6 11. Bg5 Bxh2+ 12. Kh1 Be5 13. Bxf6 gxf6
14. Qh5+ Ke7 15. Qf7+ Kd6 16. Na3 Nd7 17. Nb5+ Kc6 18. Bc4 a6 19. Qe6+ Bd6
20. Qxd6# {Black checkmated} 1-0

[Event "ICC tourney 1955 (60 10)"]
[Site "Internet Chess Club"]
[Date "2020.08.08"]
[Round "6"]
[White "blueeagle405"]
[Black "Quinlandia"]
[Result "1-0"]
[ICCResult "Black resigns"]
[WhiteElo "2009"]
[BlackElo "2018"]
[Opening "QGD Slav defense"]
[ECO "D10"]
[NIC "SL.01"]
[Time "18:36:51"]
[TimeControl "3600+10"]

1. d4 d5 2. c4 c6 3. Nc3 Nf6 4. e3 a6 5. Nf3 b5 6. b3 Bg4 7. Be2 e6 8. O-O
Bd6 9. Bb2 O-O 10. Qc2 Nbd7 11. Rad1 Rc8 12. c5 Bb8 13. Nb1 Re8 14. Nbd2 e5
15. dxe5 Nxe5 16. Rfe1 Nxf3+ 17. Bxf3 Bxf3 18. Nxf3 Ne4 19. b4 Re6 20. g3
Qd7 21. a4 Rh6 22. Qxe4 dxe4 23. Rxd7 exf3 24. axb5 axb5 25. Red1 Re6 26.
Rb7 Ree8 27. Rdd7 Rcd8 28. Kf1 h5 29. Ke1 Rxd7 30. Rxd7 Be5 31. Bxe5 Rxe5
32. Kd2 g5 33. Kd3 Kg7 34. Rd6 Re6 35. Rxe6 fxe6 36. h3 Kg6 37. g4 hxg4 38.
hxg4 Kf6 39. Ke4 e5 40. Kxf3 Ke7 41. Ke4 Ke6 42. f4 {Black resigns} 1-0

[Event "ICC tourney 1955 (60 10)"]
[Site "Internet Chess Club"]
[Date "2020.08.08"]
[Round "6"]
[White "Javierof"]
[Black "Monkeybomb3605"]
[Result "0-1"]
[ICCResult "White resigns"]
[WhiteElo "2099"]
[BlackElo "2022"]
[Opening "King's Indian: accelerated Averbakh system"]
[ECO "E70"]
[NIC "KI.31"]
[Time "18:40:00"]
[TimeControl "3600+10"]

1. d4 Nf6 2. c4 g6 3. Nc3 Bg7 4. e4 d6 5. Bg5 O-O 6. Qd2 c5 7. d5 e6 8. dxe6
Bxe6 9. f4 Nc6 10. Bd3 Re8 11. Nf3 h6 12. Bh4 Qa5 13. O-O Bg4 14. Rae1 Bxf3
15. Rxf3 Nd4 16. Rff1 a6 17. h3 b5 18. Bg3 b4 19. Nd5 Nxd5 20. cxd5 Qxa2 21.
e5 Qxd5 22. Qf2 Qb3 23. Re3 Qe6 24. Be4 d5 25. f5 gxf5 26. Bxf5 Nxf5 27.
Qxf5 Qxf5 28. Rf4 Qb1+ {White resigns} 0-1

[Event "ICC tourney 1955 (60 10)"]
[Site "Internet Chess Club"]
[Date "2020.08.08"]
[Round "6"]
[White "StevChess01"]
[Black "pbalaji2008"]
[Result "1/2-1/2"]
[ICCResult "Game drawn by mutual agreement"]
[WhiteElo "1897"]
[BlackElo "1721"]
[Opening "King's Indian: Sämisch, orthodox variation"]
[ECO "E85"]
[NIC "KI.43"]
[Time "18:37:26"]
[TimeControl "3600+10"]

1. d4 Nf6 2. c4 g6 3. f3 d6 4. e4 Bg7 5. Be3 O-O 6. Nc3 e5 7. Nge2 Nc6 8. d5
Ne7 9. Qd2 Ne8 10. c5 a6 11. Nc1 f5 12. Nb3 fxe4 13. fxe4 Nf6 14. h3 Nh5 15.
O-O-O Nf4 16. Kb1 Nh5 17. Bd3 Kh8 18. Rc1 Ng8 19. Ne2 Bd7 20. Na5 Qb8 21.
cxd6 cxd6 22. Rc2 b6 23. Nc6 Qb7 24. Rhc1 a5 25. g4 Nhf6 26. Ng3 Rfc8 27. a4
Bf8 28. Bb5 Ne7 29. Nxe7 Bxe7 30. g5 Ng8 31. h4 Rxc2 32. Rxc2 Bxb5 33. axb5
Qd7 34. Qe2 Qh3 35. Qh2 Qd7 36. Rc6 Bd8 37. Qe2 Qh3
{Game drawn by mutual agreement}
1/2-1/2

[Event "ICC tourney 1955 (60 10)"]
[Site "Internet Chess Club"]
[Date "2020.08.08"]
[Round "6"]
[White "pika0008"]
[Black "glmccoy"]
[Result "0-1"]
[ICCResult "White checkmated"]
[WhiteElo "1598"]
[BlackElo "1870"]
[Opening "Réti opening"]
[ECO "A04"]
[NIC "QP.11"]
[Time "18:37:48"]
[TimeControl "3600+10"]

1. Nf3 g6 2. c4 Bg7 3. Nc3 d6 4. d4 Bg4 5. e4 Nc6 6. d5 Bxf3 7. gxf3 Nd4 8.
Be3 c5 9. Bh3 a6 10. O-O b5 11. cxb5 axb5 12. Bxd4 Bxd4 13. Nxb5 Bxb2 14.
Rb1 Bg7 15. Qb3 Nf6 16. Rfe1 Nh5 17. Nc3 O-O 18. Rec1 Qa5 19. Bf1 h6 20. a4
Be5 21. Bb5 Rfb8 22. Ne2 Qd2 23. Qe3 Qa2 24. Nc3 Bxc3 25. Qxc3 Rxa4 26. Ra1
Qxa1 27. Rxa1 Rxa1+ 28. Qxa1 Rxb5 29. Qa8+ Kg7 30. Qa7 Rb1+ 31. Kg2 Nf4+ 32.
Kg3 g5 33. Kg4 Kg6 34. h4 Rg1# {White checkmated} 0-1

[Event "ICC tourney 1955 (60 10)"]
[Site "Internet Chess Club"]
[Date "2020.08.08"]
[Round "6"]
[White "Joelpaulg"]
[Black "Elieman"]
[Result "1-0"]
[ICCResult "Black checkmated"]
[WhiteElo "2013"]
[BlackElo "1972"]
[Opening "Ruy Lopez: fianchetto (Smyslov/Barnes) defense"]
[ECO "C60"]
[NIC "RL.03"]
[Time "18:37:09"]
[TimeControl "3600+10"]

1. e4 e5 2. Nf3 Nc6 3. Bb5 g6 4. d4 exd4 5. Nxd4 Bg7 6. Be3 Nge7 7. Nc3 a6
8. Nxc6 Nxc6 9. Bxc6 bxc6 10. Bd4 O-O 11. Bxg7 Kxg7 12. Qd4+ Qf6 13. Qxf6+
Kxf6 14. h4 Re8 15. h5 g5 16. f3 h6 17. O-O-O d6 18. Rhf1 Be6 19. g4 Rab8
20. Na4 a5 21. b3 c5 22. Nc3 c4 23. Rd4 cxb3 24. axb3 Rb4 25. Rd2 Reb8 26.
Rfd1 R8b6 27. Rd5 Rc6 28. R5d3 Rc5 29. Rf1 Kg7 30. Kd2 Rb8 31. Ra1 Rd8 32.
Ne2 d5 33. c4 c6 34. Nc3 a4 35. Rxa4 Rd7 36. exd5 cxd5 37. cxd5 Bxd5 38.
Rad4 Rdc7 39. Rxd5 R5c6 40. b4 Rb7 41. b5 Rc4 42. Rd7 Rb6 43. R3d6 Rxd6+ 44.
Rxd6 Rf4 45. b6 Rxf3 46. b7 Rf4 47. b8=Q Rxg4 48. Rxh6 f5 49. Rg6+ Kf7 50.
Qg8+ Ke7 51. Nd5+ Kd7 52. Qf7+ Kd8 53. Rg8# {Black checkmated} 1-0

[Event "ICC tourney 1955 (60 10)"]
[Site "Internet Chess Club"]
[Date "2020.08.08"]
[Round "6"]
[White "watermelon"]
[Black "Kingforce"]
[Result "0-1"]
[ICCResult "White checkmated"]
[WhiteElo "1711"]
[BlackElo "2007"]
[Opening "Budapest: Rubinstein variation"]
[ECO "A52"]
[NIC "QG.01"]
[Time "18:37:30"]
[TimeControl "3600+10"]

1. d4 Nf6 2. c4 e5 3. dxe5 Ng4 4. Bf4 g5 5. Bg3 Nc6 6. Nf3 Bg7 7. Nc3 Ngxe5
8. Nxe5 Nxe5 9. e3 d6 10. Qc2 Be6 11. Be2 O-O 12. Bxe5 dxe5 13. Rd1 Qe8 14.
O-O f5 15. e4 f4 16. Nd5 Qf7 17. Qb3 c6 18. Nc3 g4 19. f3 g3 20. h3 Qh5 21.
Qc2 Rf6 22. Rfe1 Bf8 23. Na4 Bb4 24. Bf1 Bxe1 25. Rxe1 Rd8 26. Rd1 Qe8 27.
Rxd8 Qxd8 28. Qd3 Qxd3 29. Bxd3 b6 30. Kf1 Kf7 31. Ke2 Ke7 32. b3 Rh6 33. c5
b5 34. Nc3 Bxh3 35. gxh3 Rxh3 36. Kf1 h5 37. a4 a6 38. axb5 axb5 39. Bxb5
cxb5 40. Nxb5 Rh1+ 41. Kg2 Rh2+ 42. Kg1 h4 43. c6 h3 44. c7 Kd7 45. Nd6 Kxc7
46. Nf5 Rf2 47. b4 h2+ 48. Kh1 Rf1+ 49. Kg2 h1=Q# {White checkmated} 0-1

[Event "ICC tourney 1955 (60 10)"]
[Site "Internet Chess Club"]
[Date "2020.08.08"]
[Round "6"]
[White "taupuri"]
[Black "omegablitz"]
[Result "0-1"]
[ICCResult "White checkmated"]
[WhiteElo "1849"]
[BlackElo "1758"]
[Opening "Queen's pawn game"]
[ECO "D02"]
[NIC "QP.08"]
[Time "18:36:38"]
[TimeControl "3600+10"]

1. d4 d5 2. Nf3 e6 3. Bf4 Nf6 4. e3 Be7 5. Bd3 O-O 6. Ne5 b6 7. O-O Bb7 8.
Nd2 c5 9. c3 Nbd7 10. Bg3 Rc8 11. f4 Ne4 12. Qc2 f5 13. Bb5 Nxe5 14. fxe5
Bg5 15. Nxe4 fxe4 16. Qd2 Qe7 17. Be2 Rxf1+ 18. Rxf1 Rf8 19. Rxf8+ Qxf8 20.
Bg4 Qf7 21. Bf2 Kf8 22. Qd1 Ba6 23. Qa4 Bxe3 24. Bf3 Bxf2+ 25. Kxf2 Bd3 26.
Qc6 g6 27. dxc5 exf3 28. g3 bxc5 29. Qxc5+ Kg7 30. b4 Be4 31. a4 Qb7 32. a5
a6 33. h3 Kh6 34. h4 Kh5 35. Qe3 h6 36. c4 Qxb4 37. g4+ Kxg4 38. Qxh6 Qb2+
39. Ke3 Qe2+ 40. Kd4 Qxc4+ 41. Ke3 Qd3+ 42. Kf2 Qe2+ 43. Kg1 Qg2#
{White checkmated}
0-1

[Event "ICC tourney 1955 (60 10)"]
[Site "Internet Chess Club"]
[Date "2020.08.08"]
[Round "6"]
[White "peakypoe"]
[Black "chessfirelord"]
[Result "1-0"]
[ICCResult "Black resigns"]
[WhiteElo "1978"]
[BlackElo "1445"]
[Opening "Sicilian: wing gambit"]
[ECO "B20"]
[NIC "SI.48"]
[Time "18:36:58"]
[TimeControl "3600+10"]

1. e4 c5 2. b4 cxb4 3. d4 e6 4. Nf3 Nf6 5. Bd3 Nc6 6. O-O Be7 7. Nbd2 O-O 8.
Nc4 d5 9. Nd6 Qxd6 10. e5 Qc7 11. exf6 Bxf6 12. Be3 Bd7 13. Ng5 Bxg5 14. Qh5
g6 15. Qxg5 Qd8 16. Qh6 Qf6 17. Rab1 a5 18. Bb5 Qg7 19. Qh4 Rfc8 20. Bh6 Qh8
21. Bg5 h5 22. Bf6 Qh7 23. Rbd1 Rc7 24. f4 Rcc8 25. Bd3 Na7 26. g4 Bb5 27.
Qg5 Bxd3 28. Rxd3 Rc3 29. Rxc3 bxc3 30. Rf3 hxg4 31. Qxg4 Qh5 32. Qxh5 gxh5
33. Rh3 Kh7 34. Rxh5+ Kg6 35. Rh8 Rxh8 36. Bxh8 f6 37. Kf2 Nc6 38. Ke3 b5
39. h4 Nb8 40. h5+ Kf7 41. h6 Nc6 42. h7 Nb4 43. Bxf6 Nxc2+ 44. Kd3 Nb4+ 45.
Kxc3 Nxa2+ 46. Kb2 {Black resigns} 1-0

[Event "ICC tourney 1955 (60 10)"]
[Site "Internet Chess Club"]
[Date "2020.08.08"]
[Round "6"]
[White "kkhanna"]
[Black "justice02"]
[Result "0-1"]
[ICCResult "White checkmated"]
[WhiteElo "1340"]
[BlackElo "1826"]
[Opening "Queen's pawn game"]
[ECO "D02"]
[NIC "QP.08"]
[Time "18:36:38"]
[TimeControl "3600+10"]

1. d4 d5 2. Nf3 c6 3. g3 Nf6 4. Bg2 Nbd7 5. O-O g6 6. c4 Bg7 7. Nc3 a6 8. e3
O-O 9. b3 Nb6 10. c5 Nbd7 11. Nd2 e5 12. Ne2 Re8 13. Bb2 Qe7 14. b4 exd4 15.
Bxd4 Ne5 16. Qc2 Bf5 17. Qc3 Bd3 18. Rfe1 Bxe2 19. Rxe2 Rad8 20. Nf3 Ne4 21.
Qc2 Nxf3+ 22. Bxf3 Ng5 23. Bxg7 Nxf3+ 24. Kg2 Nxh2 25. Qb2 Ng4 26. f3 f6 27.
fxg4 Qe4+ 28. Kh2 Kxg7 29. g5 Qf5 30. gxf6+ Qxf6 31. Qxf6+ Kxf6 32. Rf1+ Kg7
33. Ref2 Rd7 34. Kh3 Rxe3 35. Rf8 d4 36. Rc8 d3 37. Rff8 d2 38. Rg8+ Kh6 39.
Kh4 d1=Q 40. g4 Qh1# {White checkmated} 0-1